[Event "Silves Open 2025"]
[Site "Fissul"]
[Date "2025.03.05"]
[Round "6.1"]
[White "Fernandes, Antonio"]
[Black "Alshameary Puente, Ismael"]
[Result "1/2-1/2"]
[Annotator "TA"]
[ECO "D38"]
[WhiteElo "2326"]
[BlackElo "2343"]
[PlyCount "124"]
[EventDate "2025.03.03"]
[EventType "swiss"]
[EventCountry "POR"]
[SourceTitle "playchess.com"]
[Source "ChessBase"]
[SourceQuality "1"]
[TimeControl "5400+30"]

1. d4 d5 2. Nf3 Nf6 3. c4 e6 4. Nc3 Nbd7 5. Bg5 Bb4 6. cxd5 exd5 7. Nd2 c6 8. e3 O-O {[%emt 0:02:46] 8...Nf8 gains popularity.} 9. Rc1 {[%emt 0:04:05] D38: Queen's Gambit Declined: Ragozin Defence (4 Nf3 Bb4).} Re8 10. Bd3 Nf8 11. Bh4 $146 (11. O-O Ng6 12. e4 dxe4 13. Ndxe4 Be7 14. Re1 Be6 15. Nc5 Bxc5 16. dxc5 h6 17. Bxf6 Qxf6 {1-0 Sabuk,P (2391)-Han,Y (2413) Titled Tuesday intern op 29th Aug Early blitz 2023 (8)}) 11... Ng6 12. Bg3 Bd6 13. Qc2 Nf4 14. Bxf4 Bxf4 15. Ne2 Bd6 16. Bf5 Bxf5 17. Qxf5 Ne4 18. Nxe4 Rxe4 19. O-O Qh4 {[%emt 0:04:12][%csl Gd6][%cal Rh4h2] [#]} 20. g3 {[%emt 0:00:17] Successful Defense White} Qe7 21. Rfe1 Re8 22. Nc3 Re6 23. Re2 g6 24. Qd3 h5 25. Rce1 $1 f5 26. h4 Qf6 27. Kg2 {[%emt 0:00:19] [#]} R8e7 (27... g5 $1 $17 28. Rg1 R8e7 (28... gxh4 29. gxh4 Kh8 30. Kh3 $15)) 28. Rh1 $11 b5 (28... Rg7 $11) 29. Rc2 $16 Qf7 30. Ne2 Qe8 31. Nf4 ({White should try} 31. Qd2 $14) 31... Bxf4 $11 32. exf4 Re1 33. Rc1 $2 (33. b4 $11) 33... R1e2 $19 34. Qc3 Kg7 35. Rhf1 $2 (35. Kg1 $17) 35... R7e6 $2 ({Better is} 35... R7e3 $19 36. Qb3 Qe4+ 37. Kg1 Rxb3 38. axb3 Qxd4 39. Rxc6 Rxb2) 36. Kg1 $11 {[%emt 0:00:07] The position is equal.} Qe7 37. a3 R2e4 38. Rc2 Re1 39. Rc1 R1e2 40. b4 R2e4 41. Rc2 Re1 42. Rc1 R1e2 43. Rc2 R2e4 44. Rcc1 Kf7 45. Rc2 Qf6 46. Rd1 Qe7 47. Rcc1 Re2 {[%emt 0:00:54][%cal Oe2f2] ...Rxf2! is the strong threat.} 48. Rf1 Kg8 49. Rc2 R2e4 50. Rcc1 Kh7 51. Rc2 Kh6 52. Rcc1 Re2 53. Rc2 {[%emt 0:00:06] And now Rxe2 would win.} R2e4 54. Rcc1 a6 55. Rc2 Qf6 56. Rd1 Qg7 57. Rcc1 Qe7 58. Rf1 Qe8 59. Rc2 Re1 60. Rc1 R1e2 61. Rc2 R2e4 62. Rcc1 Re2 {[%emt 0:00:19] Weighted Error Value: White=0.21 (precise) /Black=0.12 (very precise)   Loses game:     	White=2     	---        Missed win:     	---       	Black=1      Mistake:       	White=1     	Black=2      Inaccurate:     	White=3     	Black=1      OK:         	White=19    	Black=13     Best:        	White=1     	Black=2      Strong:       	White=1     	---} 1/2-1/2

[Event "Silves Open 2025"]
[Site "Fissul"]
[Date "2025.03.05"]
[Round "6.2"]
[White "Lux, Hugo de Melo"]
[Black "Espinosa Aranda, Angel"]
[Result "1-0"]
[Annotator "TA"]
[ECO "C10"]
[WhiteElo "2329"]
[BlackElo "2442"]
[PlyCount "118"]
[EventDate "2025.03.03"]
[EventType "swiss"]
[EventCountry "POR"]
[SourceTitle "playchess.com"]
[Source "ChessBase"]
[SourceQuality "1"]
[TimeControl "5400+30"]

1. e4 e6 2. d4 d5 3. Nc3 dxe4 4. Nxe4 Nd7 5. Bd3 Ngf6 6. Qe2 c5 7. Nf3 {[%emt 0:04:45] C10: French with 3 Nc3: Unusual Black 3rd moves and 3...dxe4.} cxd4 8. Nxd4 Nxe4 9. Qxe4 {[%emt 0:03:11] The position is equal.} Nc5 10. Bb5+ Bd7 11. Bxd7+ Qxd7 12. Qe5 $146 (12. Qe3 O-O-O 13. b4 Na4 14. Bb2 Nxb2 15. Nf3 Qb5 16. a4 Qc4 17. Rc1 Bxb4+ {0-1 Scharrer,P (2210)-De Andres Gonalons,F (2071) Arco op 27th 2005 (7)}) 12... f6 13. Qh5+ g6 14. Qh4 O-O-O 15. Be3 g5 16. Qh5 f5 (16... e5 $11 17. Nb3 Na4) 17. O-O-O $1 $16 (17. Qxg5 $6 Be7 18. Qh6 Bf8 $11) 17... Bg7 {[%emt 0:07:14] [#] Hoping for ...Qa4.} 18. Nb3 $1 (18. Qxg5 Ne4 19. Qh5 Qd5 $14) 18... Nxb3+ 19. axb3 Qb5 20. Qxg5 Qe5 (20... Qa5 $16 21. Kb1 (21. Qxg7 $2 Qa1#) (21. Rxd8+ Rxd8 22. Kb1 Qe5 $18) 21... Qe5) 21. c3 $18 (21. Bxa7 $2 Qxb2#) 21... Bf6 {[%emt 0:00:20] [#]} 22. Qf4 (22. Qh6 $1 $18 {and White stays clearly on top.}) 22... Qxf4 $16 23. Bxf4 e5 24. Be3 Kc7 25. Rxd8 (25. Bxa7 b6 $17) 25... Rxd8 26. Rd1 (26. Bxa7 $2 Ra8 27. Kc2 Rxa7 $19) 26... Rxd1+ 27. Kxd1 {[%emt 0:00:14][%mdl 4096] Endgame KB-KB. White is a pawn up.} a6 28. Ke2 Kd6 29. f3 h5 30. h3 Kd5 31. c4+ Ke6 32. Kd3 Be7 33. Kc3 Bf6 34. b4 (34. Kc2 $16) 34... f4 $11 35. Bb6 e4+ 36. Kc2 (36. Bd4 Bxd4+ 37. Kxd4 e3 $19) 36... e3 37. b3 h4 38. Kd3 Kf5 39. Ba5 Ke6 40. Ke4 Bc3 41. Kd3 (41. Kxf4 $2 {too greedy.} e2 42. Bc7 e1=Q $19 (42... e1=B $2 43. Ke4 $19)) 41... Bf6 42. Ke4 {[%emt 0:01:45][%cal Ob4b5] and b5! should not be overlooked} Bc3 {[%emt 0:00:25] ( -> ...e2)} 43. Kd3 (43. Kxf4 e2 44. Kg4 e1=Q (44... e1=B $2 45. Bd8 $19) 45. Bc7 Kf7 (45... Bxb4 $2 46. g3 $19) 46. Kh5 Qe6 (46... Bxb4 $2 47. c5 $19) 47. Kg5 Bf6+ (47... Bxb4 {is a self mate.} 48. Kxh4 Qg6 49. c5 Bxc5 50. g4 Bf2+ 51. Bg3 Qh6#) 48. Kf4 Kg6) 43... Bf6 44. b5 axb5 45. Ke4 bxc4 46. bxc4 Bg5 47. Bb4 Be7 48. Be1 Bg5 49. Ba5 Kd6 50. Bb4+ Ke6 51. Ba5 Kd6 52. Kf5 Bh6 $2 (52... Be7 $11) 53. Bb4+ {[%emt 0:00:56] White mates.} Kc6 54. Kg6 b5 55. Kxh6 bxc4 56. Kg5 Kb5 57. Be1 c3 58. Bxc3 Kc4 59. Be1 Kd5 {[%emt 0:14:15] Weighted Error Value: White=0.09 (flawless) /Black=0.18 (very precise)   Loses game:     	---       	Black=1      Mistake:       	White=2     	Black=2      Inaccurate:     	White=1     	---        OK:         	White=18    	Black=20     Best:        	White=2     	Black=6      Strong:       	White=1     	---} 1-0

[Event "Silves Open 2025"]
[Site "Fissul"]
[Date "2025.03.05"]
[Round "6.4"]
[White "Serarols Mabras, Bernat"]
[Black "Martins, Bruno Andre Leite"]
[Result "1/2-1/2"]
[Annotator "TA"]
[ECO "E90"]
[WhiteElo "2311"]
[BlackElo "2360"]
[PlyCount "220"]
[EventDate "2025.03.03"]
[EventType "swiss"]
[EventCountry "POR"]
[SourceTitle "playchess.com"]
[Source "ChessBase"]
[SourceQuality "1"]
[TimeControl "5400+30"]

1. d4 Nf6 2. c4 g6 3. Nc3 Bg7 4. e4 d6 5. h3 O-O 6. Nf3 a6 7. Be3 b5 8. cxb5 Bb7 9. d5 ({Better is} 9. Qc2 $16) 9... axb5 $14 10. Bxb5 c6 {[%emt 0:00:06] Wards off a4} 11. dxc6 Nxc6 12. O-O {[%emt 0:03:05] White is more active.} Qa5 13. Nd2 Qb4 (13... Na7 $142 14. Be2 Nd7) 14. Rb1 $16 Ne5 15. f4 Nxe4 (15... Ned7 $16 {keeps fighting.}) 16. Ndxe4 $18 Bxe4 17. a3 (17. fxe5 $6 Bxb1 18. Qxb1 Bxe5 $16) 17... Rxa3 18. bxa3 (18. fxe5 $6 Bxb1 19. bxa3 (19. Qxb1 Rb3 $11) 19... Qxc3 $14) 18... Qxc3 19. Rb3 Qc2 20. Qxc2 (20. fxe5 $2 Qxg2#) 20... Bxc2 21. Rc3 (21. Rfb1 $18) 21... Nf3+ $16 22. gxf3 Bxc3 23. Rc1 Bb2 24. Rxc2 Bxa3 25. Bd4 {[%emt 0:03:12] Against Bc5} (25. Bd3 $142) 25... Bc5 26. Bxc5 Rc8 27. Bd3 dxc5 {[%emt 0:03:07][%mdl 4096] Endgame KRB-KR} ({Black should try} 27... Rxc5 28. Rxc5 dxc5) 28. f5 Kg7 29. fxg6 hxg6 30. Kf2 Kf6 31. Ke3 Rh8 32. Bf1 (32. Rxc5 Rxh3 33. Rb5 Rh8) 32... Rh5 33. Rc4 e6 34. Kf2 Rg5 35. Be2 Rh5 36. Kg3 Rg5+ 37. Rg4 Re5 38. Bf1 Re1 39. Kf2 Re5 (39... Rc1 $142 40. Ra4 Rc2+ 41. Kg3 Rc1) 40. Rf4+ Kg7 41. Rc4 Kf6 42. h4 (42. Ra4 $18) 42... Rh5 43. Rf4+ Ke7 44. Rc4 Kf6 $1 45. Be2 g5 46. hxg5+ (46. Rxc5 Rxh4 47. Bd3 Rf4) 46... Rxg5 47. Bd3 Ke7 48. Ke3 Re5+ 49. Kd2 Rh5 50. Rf4 Rh8 {[%emt 0:00:54] [#]} (50... f5 $142) 51. Kc3 (51. Ra4 $1 $16) 51... Ra8 52. Bc2 Ra7 53. Ra4 (53. Bb3 $16) 53... Rd7 (53... Rxa4 $11 54. Bxa4 Kd6) 54. Be4 Kf6 55. Ra5 Rc7 56. Kc4 Ke5 57. Ra6 (57. Rxc5+ Rxc5+ 58. Kxc5 f5) 57... Kf4 58. Bc6 f5 59. Kxc5 {[%emt 0:00:03] and Kd6 would now be decisive} e5 60. Kd6 Rg7 61. Ra4+ e4 62. fxe4 fxe4 63. Rxe4+ Kf5 64. Re3 Kf4 65. Rf3+ Kg4 66. Rf1 {[%emt 0:00:47] Rg1+ would kill now.} Rg5 67. Bd5 Kg3 68. Kc5 Rg4 69. Rf3+ Kh4 70. Kd6 Rg3 71. Rf1 Rg5 72. Ke6 Kg3 73. Be4 Ra5 74. Bd5 Kg4 75. Ke5 Kg5 76. Rg1+ Kh5 77. Ke4 Kh6 78. Be6 Rg5 79. Rf1 Kg7 ({Reject} 79... Rg6 80. Ke5) 80. Bf5 (80. Kd4 $16) 80... Kf6 $11 81. Rf2 Rg1 82. Kf4 Re1 83. Be4 Ke6 84. Rc2 Rf1+ 85. Bf3 $1 Re1 86. Rc6+ Kd7 87. Ra6 Ke7 88. Be4 Kf7 89. Kf5 Rf1+ 90. Ke5 Re1 91. Ra7+ Ke8 92. Rh7 Re2 93. Rh1 Kd7 94. Rd1+ Ke7 95. Ra1 Kd7 96. Ra3 Re1 97. Kd5 Rd1+ 98. Ke5 Re1 99. Ra7+ Ke8 100. Rb7 Re2 101. Kd5 Kf8 102. Ra7 Re1 103. Bf5 Re7 104. Ra8+ Re8 105. Ra6 Re1 106. Be6 Ke7 107. Ra7+ Kf6 108. Rf7+ Kg6 109. Rf4 Kg5 110. Rg4+ Kf6 1/2-1/2

[Event "Silves Open 2025"]
[Site "Fissul"]
[Date "2025.03.05"]
[Round "6.6"]
[White "Goncalves, Samuel Jesus P"]
[Black "Khamrakulov, Ibragim S."]
[Result "0-1"]
[Annotator "TA"]
[ECO "A37"]
[WhiteElo "2280"]
[BlackElo "2384"]
[PlyCount "64"]
[EventDate "2025.03.03"]
[EventType "swiss"]
[EventCountry "POR"]
[SourceTitle "playchess.com"]
[Source "ChessBase"]
[SourceQuality "1"]
[TimeControl "5400+30"]

1. c4 c5 2. g3 Nc6 3. Bg2 g6 4. Nc3 Bg7 5. Nf3 e5 6. a3 a5 7. d3 {[%emt 0:03:07] outshines the older 7.0-0.} Nge7 {[%emt 0:00:12] A37: Symmetrical English vs ...g6: 4 Bg2 Bg7 5 Nf3.} 8. O-O O-O 9. Ne1 Rb8 {[%emt 0:01:07] The position is equal.} 10. Nc2 Nd4 11. Nxd4 cxd4 $146 (11... exd4 12. Nb5 d6 13. Bg5 h6 14. Bf4 Nf5 15. b4 g5 16. Bd2 Bd7 17. Rb1 axb4 18. axb4 {1-0 Kouskoutis,G (2136)-Skalkotas,N (2114) Nikaia op 24th 2016 (6)}) 12. Nb5 d5 13. e3 dxe3 14. Bxe3 Bd7 15. Ba7 Rc8 {[%emt 0:10:52] [#] ...Bxb5 is the strong threat.} 16. Nd6 (16. Bxd5 $2 Nxd5 17. Nd6 Ra8 $19) 16... Ra8 17. Nxb7 (17. Be3 $11 {keeps the balance.}) 17... Qc7 $17 {[%emt 0:00:32] White is now going downhill.} 18. Bc5 Bc8 19. cxd5 Qxb7 $19 (19... Bxb7 20. Rc1 $11) 20. d6 Nc6 21. b4 Bd7 22. Rb1 (22. Qb3 $142) 22... axb4 23. axb4 Qb5 24. Qb3 Be6 25. Bd5 {[%emt 0:00:30] [#]} Nxb4 $1 26. Bxe6 {[%emt 0:08:21][%cal Of1c1] Threatens to win with Rfc1!.} Qxc5 27. Bc4 Nc6 28. d7 Qd6 29. Rfc1 Rad8 ({But not} 29... Qxd7 30. Bb5 Rfc8 31. Qc4 $19) 30. Qb6 Rxd7 ({Worse is} 30... Qxd7 31. Bb5 $11) 31. Bb5 Nd4 32. Bxd7 Qxb6 {[%emt 0:00:05] Weighted Error Value: White=0.47/Black=0.18 (very precise)   Mistake:       	White=3     	---        Inaccurate:     	White=6     	Black=2      OK:         	White=5     	Black=12     Best:        	---       	Black=3} 0-1

[Event "Silves Open 2025"]
[Site "Fissul"]
[Date "2025.03.05"]
[Round "6.7"]
[White "Sanz Wawer, Daniel"]
[Black "Rasti, Arvin"]
[Result "1-0"]
[Annotator "RC"]
[ECO "B68"]
[WhiteElo "2283"]
[BlackElo "2232"]
[PlyCount "28"]
[EventDate "2025.03.03"]
[EventType "swiss"]
[EventCountry "POR"]
[SourceTitle "playchess.com"]
[Source "ChessBase"]
[SourceQuality "1"]
[TimeControl "5400+30"]

1. e4 c5 2. Nf3 d6 3. d4 cxd4 4. Nxd4 Nf6 5. Nc3 Nc6 6. Bg5 e6 7. Qd2 a6 8. O-O-O Bd7 9. f4 Be7 10. Kb1 b5 11. Bxf6 gxf6 12. f5 Qb6 13. Nce2 h5 14. Nxc6 Qxc6 1-0

[Event "Silves Open 2025"]
[Site "Fissul"]
[Date "2025.03.05"]
[Round "6.8"]
[White "Vasques, Antonio Pedro Freixi"]
[Black "Santos, Antonio P"]
[Result "1-0"]
[Annotator "TA"]
[ECO "B23"]
[WhiteElo "2246"]
[BlackElo "2209"]
[PlyCount "65"]
[EventDate "2025.03.03"]
[EventType "swiss"]
[EventCountry "POR"]
[SourceTitle "playchess.com"]
[Source "ChessBase"]
[SourceQuality "1"]
[TimeControl "5400+30"]

1. e4 c5 2. Nc3 Nc6 3. Bb5 Nd4 4. Nf3 a6 5. Bd3 Nc6 6. O-O {[%emt 0:02:10] B23: Closed Sicilian: Lines without g3.} e5 7. Bc4 Be7 8. d3 {[%emt 0:03:05][%cal Of3g5] White has an edge.} d6 9. Ng5 Bxg5 10. Qh5 {[%emt 0:00:30][%csl Gc4,LRf7,LRg5][%cal Rh5f7] [#]} g6 {A sharp opening} (10... Be7 $11 {should be considered.} 11. Qxf7+ Kd7 12. Be6+ Kc7 13. Nd5+ Kb8 14. Bxc8 Kxc8 (14... Qxc8 $2 {is the wrong capture.} 15. Qxg7 $18)) 11. Qxg5 $14 {[%emt 0:00:30] White attacks} Qxg5 12. Bxg5 h6 13. Nd5 $146 {[%emt 0:00:30][%cal Bc3d5,Bd5c7,Bc7a8,Ba8b6][%mdl 32] White is much more active. White stays focused until the end.} (13. Bd2 Be6 14. Nd5 Bxd5 15. Bxd5 Nge7 16. f4 Rd8 17. Bb3 Rh7 18. fxe5 dxe5 {½-½ Tseitlin,M (2465)-Sermek,D (2515) Groningen op 1994 (9)}) 13... hxg5 (13... Rb8 $16 14. Be3 f5) 14. Nc7+ $18 Ke7 15. Nxa8 Nd4 (15... b5 $142) 16. Nb6 Be6 17. c3 Ne2+ 18. Kh1 {[%emt 0:00:30] [#]} Nf4 19. g3 Nh3 20. Kg2 g4 21. Bxe6 Kxe6 22. f4 gxf3+ 23. Rxf3 f5 24. Nd5 Ng5 25. Re3 Nh3 (25... Nh6 $142 26. h4 Nh7) 26. Rf1 Nf6 27. g4 Nf4+ $2 (27... Ng5) 28. Nxf4+ {[%emt 0:00:30] White is clearly winning.} exf4 29. exf5+ Kd7 30. Rxf4 Nd5 31. Ref3 {[%emt 0:00:30][%cal Of5g6] Strongly threatening fxg6!.} Nxf4+ 32. Rxf4 gxf5 33. Rxf5 {[%emt 0:00:30] Weighted Error Value: White=0.10 (very precise) /Black=0.35  Mistake:       	---       	Black=5      Inaccurate:     	---       	Black=1      OK:         	White=10    	Black=10     Best:        	White=5     	---} 1-0

[Event "Silves Open 2025"]
[Site "Fissul"]
[Date "2025.03.05"]
[Round "6.9"]
[White "Monteiro, Paulo Alexandre G"]
[Black "Ryabukhin, Roman"]
[Result "1/2-1/2"]
[Annotator "TA"]
[ECO "E46"]
[WhiteElo "2221"]
[BlackElo "2209"]
[PlyCount "74"]
[EventDate "2025.03.03"]
[EventType "swiss"]
[EventCountry "POR"]
[SourceTitle "playchess.com"]
[Source "ChessBase"]
[SourceQuality "1"]
[TimeControl "5400+30"]

1. d4 Nf6 2. c4 e6 3. Nc3 Bb4 4. e3 O-O 5. Bd2 c5 6. a3 {[%emt 0:00:49] E46: Nimzo-Indian: Rubinstein: 4 e3 0-0 5 Ne2 without early Bd3.} Bxc3 7. Bxc3 Ne4 8. Rc1 b6 9. Bd3 Nxc3 10. Rxc3 Bb7 11. Nf3 d6 12. d5 a6 $146 ({Predecessor:} 12... exd5 13. cxd5 Nd7 14. e4 b5 15. Bxb5 Re8 16. Nd2 Bxd5 17. O-O Bxe4 18. Re1 Bb7 19. Rxe8+ Qxe8 {1-0 Jarmula,L (2429)-Sutormin,D (2431) Pozarevac Rudar GM2 12 2024 (3)}) 13. e4 b5 14. O-O bxc4 15. Bxc4 e5 16. Nd2 Nd7 17. Be2 f5 18. f3 f4 19. Nc4 Rf6 20. b4 cxb4 21. axb4 a5 22. bxa5 {[%emt 0:00:30] White is more active.} (22. b5 $1 $14) 22... Ba6 $11 {[%emt 0:00:30] The position is equal.} 23. Nb6 Nxb6 24. axb6 Qxb6+ 25. Kh1 Bxe2 26. Qxe2 Qa5 27. Qc2 h6 28. h3 Rg6 29. Rc1 Kh7 30. Rc6 Rb8 31. Rc3 Qb4 32. Rc4 Qa3 {[%emt 0:00:30] [#] And now ...Rb2 would win.} 33. Rc3 Qa5 34. Rc6 Qb4 35. Rc4 Qb6 36. Rc6 Qe3 37. Rc3 Qb6 {[%emt 0:00:30] Weighted Error Value: White=0.11 (very precise) /Black=0.09 (flawless)   Mistake:       	White=1     	---        Inaccurate:     	White=2     	Black=4      OK:         	White=6     	Black=13     Best:        	White=1     	Black=1} 1/2-1/2

[Event "Silves Open 2025"]
[Site "Fissul"]
[Date "2025.03.04"]
[Round "6.10"]
[White "Kuegel, Tobias"]
[Black "Paiva, Manuel Maria Fonseca"]
[Result "1-0"]
[Annotator "TA"]
[ECO "B21"]
[WhiteElo "2423"]
[BlackElo "1904"]
[PlyCount "41"]
[EventDate "2025.03.03"]
[EventType "swiss"]
[EventCountry "POR"]
[SourceTitle "playchess.com"]
[Source "ChessBase"]
[SourceQuality "1"]
[TimeControl "5400+30"]

1. e4 c5 2. d4 cxd4 3. Qxd4 Nc6 4. Qd3 Nf6 5. Nc3 e6 6. Bf4 {[%emt 0:00:11] B21: Sicilian: 2 f4 and Morra Gambit.} a6 7. O-O-O Bb4 (7... b5 $11) 8. Nge2 {[%emt 0:02:29] White is slightly better.} Qa5 9. Kb1 O-O 10. f3 d5 11. exd5 exd5 12. a3 (12. Nxd5 $2 Nxd5 13. Bg5 (13. Qxd5 $2 Rd8 $19) 13... Nb6 $19) 12... Be7 13. g4 $146 (13. Nxd5 $2 Nxd5 14. Bd2 (14. Qxd5 $2 Rd8 $19) 14... Qc5 $19) (13. Nxd5 Nxd5 14. Qxd5 Rd8 15. Ng1 {0-1 Poschadel,A (1809)-Braun,I (2050) Vellmar op 11th 2019 (5)}) 13... d4 14. Nxd4 $16 Rd8 (14... Nxd4 $16 {is a better defense.} 15. Qxd4 h5) 15. Qe3 $2 ({Better is} 15. Nxc6 $18 bxc6 16. Qxd8+ Qxd8 (16... Bxd8 $2 17. b4 $18) 17. Rxd8+ Bxd8 18. Bc4) 15... Nd5 16. Nxd5 Qxd5 {[#]} 17. Bc4 $1 Qxc4 18. Nxc6 Qxc6 ({Avoid the trap} 18... Rxd1+ $2 19. Rxd1 Qxc6 (19... bxc6 20. Rd8+ Bf8 21. Rxf8+ Kxf8 22. Bd6+ Kg8 23. Qe8#) 20. Qxe7 $18) 19. Qxe7 Re8 {Black is weak on the dark squares} 20. Rd8 Bd7 {[%mdl 8192] [#]} 21. Rxa8 $2 {[%emt 0:00:00] Weighted Error Value: White=0.27 (precise) /Black=0.67  Loses game:     	---       	Black=1      Missed win:     	White=1     	---        Mistake:       	White=1     	Black=3      Inaccurate:     	White=2     	Black=3      OK:         	White=5     	Black=5      Best:        	White=2     	---        Brilliant:      	White=1     	---} (21. Rxd7 $2 {too greedy.} Rxe7 (21... Qxf3 22. Qxf7+ Kh8 23. Qxg7#) 22. Rxe7 Qxf3 $19) (21. Qxe8+ $1 $18 Bxe8 22. Rxa8) 1-0

[Event "Silves Open 2025"]
[Site "Fissul"]
[Date "2025.03.05"]
[Round "6.11"]
[White "Peixoto, Helio Ricardo Soutin"]
[Black "Dias, Ivo Rodrigues"]
[Result "1/2-1/2"]
[Annotator "RC"]
[ECO "B22"]
[WhiteElo "1918"]
[BlackElo "2097"]
[PlyCount "25"]
[EventDate "2025.03.03"]
[EventType "swiss"]
[EventCountry "POR"]
[SourceTitle "playchess.com"]
[Source "ChessBase"]
[SourceQuality "1"]
[TimeControl "5400+30"]

1. e4 c5 2. d4 cxd4 3. c3 Nf6 4. e5 Nd5 5. Nf3 e6 6. Bc4 Nb6 7. Bb3 Nc6 8. O-O d6 9. cxd4 dxe5 10. dxe5 Qxd1 11. Rxd1 Be7 12. Nc3 O-O 13. Ne4 1/2-1/2

[Event "Silves Open 2025"]
[Site "Fissul"]
[Date "2025.03.05"]
[Round "6.12"]
[White "Boesel, Alexander"]
[Black "Van Ree, Thailo"]
[Result "1-0"]
[Annotator "TA"]
[ECO "B51"]
[WhiteElo "2046"]
[BlackElo "1881"]
[PlyCount "65"]
[EventDate "2025.03.03"]
[EventType "swiss"]
[EventCountry "POR"]
[SourceTitle "playchess.com"]
[Source "ChessBase"]
[SourceQuality "1"]
[TimeControl "5400+30"]

1. e4 c5 2. Nf3 d6 3. Bb5+ Nd7 4. O-O a6 5. Bd3 Ngf6 6. c3 {[%emt 0:00:20] B51: Sicilian: Moscow Variation (3 Bb5+) without 3...Bd7.} b5 7. a4 c4 (7... Bb7 $11) 8. Bc2 {[%emt 0:00:06] White is slightly better.} Bb7 9. Re1 {[%emt 0:03:27] 9.axb5 is the hot move.} e6 10. axb5 axb5 11. Rxa8 Qxa8 12. d3 cxd3 13. Qxd3 Nc5 $146 (13... b4 $11 {keeps the balance.}) (13... Nxe4 14. Qxb5 Be7 15. Nd4 Nef6 16. f3 O-O 17. Nd2 Rc8 18. Ne4 Ne5 19. Bg5 Rb8 {1-0 Ni,S (2450)-Wang,J (2335) CHN-chT China 2017 (14.1)}) 14. Qxb5+ $16 Bc6 15. Qe2 Ncxe4 16. Nd4 d5 17. f3 Nc5 (17... Nd6 $14) 18. Bf5 $2 (18. b4 $18) 18... Kd7 (18... Be7 $11) 19. Bc2 $1 {White is more active.} Qa6 (19... Bd6 $16 20. Na3 Rb8) 20. Qd1 Kc8 21. b4 Ncd7 22. Bd3 Qa8 23. Nb5 (23. Bf4 $18) 23... e5 $2 ({Black should try} 23... Bxb5 $1 $14 24. Bxb5 Bd6) 24. Qe2 e4 (24... Kd8 25. N1a3 h5) 25. Bc2 $2 (25. fxe4 $18 dxe4 26. Bc4) 25... Ne5 $2 (25... exf3 $16 26. gxf3 Bxb5 27. Qxb5 Bd6) 26. Bf4 (26. N1a3 $18 {is more deadly.}) 26... Ng6 $2 (26... Bxb5 $16 {was called for.} 27. Qxb5 Qa7+ 28. Be3 Qb7 29. Qxb7+ Kxb7 30. fxe4 Nxe4) 27. Bg3 $18 {and fxe4 would now be decisive} Nh5 28. fxe4 Nxg3 29. Qg4+ {[#]} (29. hxg3 $18 Bxb5 30. Qxb5) 29... f5 $2 30. Qxg3 ({Better is} 30. exf5 $16 Bxb5 31. fxg6+ Kc7 32. Qxg3+ Bd6 33. Qe3 (33. Re7+ Bd7 $14) 33... hxg6 34. g3) 30... Qb8 $2 (30... Bxb5 $11 {and Black stays safe.} 31. exf5 Ne7) 31. Qxb8+ ({Don't do} 31. exf5 $6 Bxb5 32. Qxb8+ (32. fxg6 hxg6 33. Re6 Qa7+ 34. Qf2 Qxf2+ 35. Kxf2 Rxh2 $18) 32... Kxb8 $18) 31... Kxb8 32. exf5 (32. Nd4 $18 {and the rest is easy.} Bd7 33. exf5 (33. exd5 Nf4 $18)) 32... Ne7 {[%emt 0:00:30] [#]} (32... Bxb5 $16 33. fxg6 hxg6 34. Bxg6 Bd6) 33. g4 $2 {[%mdl 32768] Weighted Error Value: White=0.63/Black=0.85 Loss on time!?  Loses game:     	---       	Black=4      Missed win:     	White=4     	---        Mistake:       	White=4     	Black=8      Inaccurate:     	White=1     	---        OK:         	White=8     	Black=6      Best:        	White=1     	Black=3      Strong:       	White=1     	---} 1-0